| TOP OF THE 1ST |
|
Galveston Sand Crabs batting - Pitching for Dunedin Rangers : LHP Scott Johnson
|
|
Pitching: LHP Scott Johnson
|
|
|
Batting: LHB David Dyrek
|
0-0: Called Strike 0-1: Fly out, F5 (Popup, 5F, EV 73.1 MPH)
|
|
Batting: SHB Darryl Wilks
|
0-0: Ball 1-0: Fly out, F7 (Flyball, 78D, EV 95.0 MPH)
|
|
Batting: RHB Stephen Fleming
|
0-0: Ball 1-0: Ball 2-0: Ball 3-0: Base on Balls
|
|
Batting: RHB Sergio Padilla
|
0-0: Called Strike 0-1: Foul Ball, location: 2F 0-2: Foul Ball, location: 2F 0-2: Foul Ball, location: 2F 0-2: DOUBLE (Groundball, 3L, EV 106.3 MPH) Stephen Fleming to third Runner from 3rd tries for Home, SAFE, throw by RF to trailing runner, OUT at third! 9-3-5
|
| Top of the 1st over - 1 run, 1 hit, 0 errors, 0 left on base; Galveston 1 - Dunedin 0 |
| BOTTOM OF THE 1ST |
|
Dunedin Rangers batting - Pitching for Galveston Sand Crabs : LHP Randy Myers
|
|
Pitching: LHP Randy Myers
|
|
|
Batting: RHB Jacob Brumfield
|
0-0: Swinging Strike 0-1: Ground out 6-3 (Groundball, 6D, EV 106.9 MPH)
|
|
Batting: LHB Mike L Hart
|
0-0: Ball 1-0: Ball 2-0: Called Strike 2-1: Foul Ball, location: 2F 2-2: Fly out, F7 (Flyball, 7, EV 88.8 MPH)
|
|
Batting: LHB La Schelle Tarver
|
0-0: Ball 1-0: Ball 2-0: Called Strike 2-1: SINGLE (Groundball, 4MD, EV 97.5 MPH)
|
|
Batting: RHB Glenn Wilson
|
0-0: Called Strike 0-1: Fly out, F4 (Line Drive, 4, EV 72.5 MPH)
|
| Bottom of the 1st over - 0 runs, 1 hit, 0 errors, 1 left on base; Galveston 1 - Dunedin 0 |
| TOP OF THE 2ND |
|
Galveston Sand Crabs batting - Pitching for Dunedin Rangers : LHP Scott Johnson
|
|
Batting: RHB Willie Thomas
|
0-0: Fly out, F9 (Line Drive, 9D, EV 90.6 MPH)
|
|
Batting: LHB Dave Montanari
|
0-0: Ball 1-0: Ball 2-0: Called Strike 2-1: Foul Ball, location: 2F 2-2: Foul Ball, location: 2F 2-2: Foul Ball, location: 2F 2-2: SINGLE (Groundball, 56D, EV 98.8 MPH)
|
|
Batting: SHB Ricardo Rivera
|
0-0: Ball 1-0: Called Strike 1-1: Ball 2-1: Foul Ball, location: 2F 2-2: Foul Ball, location: 2F 2-2: Foul Ball, location: 2F 2-2: Fly out, F8 (Flyball, 8LS, EV 89.4 MPH)
|
|
Batting: RHB Erez Borowsky
|
0-0: Ball 1-0: Ball 2-0: Ball 3-0: Called Strike 3-1: Base on Balls Dave Montanari to second
|
|
Pitching: RHP Tex Pankratz
|
|
|
Batting: RHB Wil Muela
|
0-0: Ground out 5-3 (Groundball, 56S, EV 72.5 MPH)
|
| Top of the 2nd over - 0 runs, 1 hit, 0 errors, 2 left on base; Galveston 1 - Dunedin 0 |
| BOTTOM OF THE 2ND |
|
Dunedin Rangers batting - Pitching for Galveston Sand Crabs : LHP Randy Myers
|
|
Batting: LHB Ty Van Burkleo
|
0-0: Called Strike 0-1: Ball 1-1: Ball 2-1: Foul Ball, location: 2F 2-2: Ball 3-2: Base on Balls
|
|
Batting: RHB John Gibbons
|
0-0: Ball 1-0: Called Strike 1-1: Foul Ball, location: 2F 1-2: Fly out, F3 (Popup, 34S, EV 70.0 MPH)
|
|
Batting: RHB Edgar Martinez
|
0-0: Ball 1-0: Ball 2-0: SINGLE (Groundball, 56D, EV 98.1 MPH) Ty Van Burkleo to second
|
|
Batting: RHB Gary Thurman
|
0-0: Ball 1-0: Foul Ball, location: 2F 1-1: Called Strike 1-2: Foul Ball, location: 2F 1-2: Strikes out swinging
|
|
Batting: RHB Ron Gant
|
0-0: Called Strike 0-1: Foul Ball, location: 2F 0-2: Foul Ball, location: 2F 0-2: Ball 1-2: Ball 2-2: Fly out, F8 (Flyball, 8LD, EV 91.9 MPH)
|
| Bottom of the 2nd over - 0 runs, 1 hit, 0 errors, 2 left on base; Galveston 1 - Dunedin 0 |
| TOP OF THE 3RD |
|
Galveston Sand Crabs batting - Pitching for Dunedin Rangers : RHP Tex Pankratz
|
|
Batting: LHB David Dyrek
|
0-0: Ball 1-0: Fly out, F8 (Line Drive, 8LM, EV 93.8 MPH)
|
|
Batting: SHB Darryl Wilks
|
0-0: TRIPLE (Line Drive, 9D, EV 105.0 MPH)
|
|
Batting: RHB Stephen Fleming
|
0-0: Ball 1-0: Called Strike 1-1: Ball 2-1: Ground out U3 (Groundball, 3S, EV 82.5 MPH)
|
|
Batting: RHB Sergio Padilla
|
0-0: SINGLE (Line Drive, 34D, EV 102.5 MPH) Darryl Wilks scores
|
|
Batting: RHB Willie Thomas
|
0-0: Foul Ball, location: 2F 0-1: Ball 1-1: Ball 2-1: Foul Ball, location: 2F 2-2: SINGLE (Line Drive, 78M, EV 94.4 MPH) Sergio Padilla to second Sergio Padilla to third
|
|
Batting: LHB Dave Montanari
|
0-0: Called Strike 0-1: Ball 1-1: Ball 2-1: Foul Ball, location: 2F 2-2: Strikes out swinging
|
| Top of the 3rd over - 1 run, 3 hits, 0 errors, 2 left on base; Galveston 2 - Dunedin 0 |
| BOTTOM OF THE 3RD |
|
Dunedin Rangers batting - Pitching for Galveston Sand Crabs : LHP Randy Myers
|
|
Batting: RHB Jacob Brumfield
|
0-0: Ball 1-0: Swinging Strike 1-1: Ball 2-1: Foul Ball, location: 2F 2-2: Strikes out swinging
|
|
Batting: LHB Mike L Hart
|
0-0: Called Strike 0-1: Swinging Strike 0-2: Foul Ball, location: 2F 0-2: Ball 1-2: SINGLE (Groundball, 25, EV 65.6 MPH) (infield hit)
|
|
Batting: LHB La Schelle Tarver
|
0-0: Ball 1-0: Ball 2-0: Ball 3-0: Base on Balls Mike L Hart to second
|
|
Batting: RHB Glenn Wilson
|
0-0: Called Strike 0-1: Ball 1-1: Foul Ball, location: 2F 1-2: Ball 2-2: Ball 3-2: Foul Ball, location: 2F 3-2: Foul Ball, location: 2F 3-2: Fielders Choice at 2nd, 4-6 (Groundball, 4M, EV 101.3 MPH) Mike L Hart to third
|
|
Batting: LHB Ty Van Burkleo
|
0-0: Called Strike 0-1: Called Strike 0-2: Ball 1-2: Fielders Choice at 2nd, 6-4 (Groundball, 6, EV 81.9 MPH)
|
| Bottom of the 3rd over - 0 runs, 1 hit, 0 errors, 2 left on base; Galveston 2 - Dunedin 0 |
| TOP OF THE 4TH |
|
Galveston Sand Crabs batting - Pitching for Dunedin Rangers : RHP Tex Pankratz
|
|
Batting: SHB Ricardo Rivera
|
0-0: Ball 1-0: Foul Ball, location: 2F 1-1: Ball 2-1: Called Strike 2-2: Foul Ball, location: 2F 2-2: Strikes out swinging
|
|
Batting: RHB Erez Borowsky
|
0-0: Called Strike 0-1: Foul Ball, location: 2F 0-2: Fly out, F8 (Flyball, 89D, EV 93.1 MPH)
|
|
Batting: RHB Wil Muela
|
0-0: Ball 1-0: Ball 2-0: SOLO HOME RUN (Flyball, 7LD, EV 100.0 MPH), Distance : 361 ft
|
|
Batting: LHB David Dyrek
|
0-0: Swinging Strike 0-1: Called Strike 0-2: Strikes out swinging
|
| Top of the 4th over - 1 run, 1 hit, 0 errors, 0 left on base; Galveston 3 - Dunedin 0 |
| BOTTOM OF THE 4TH |
|
Dunedin Rangers batting - Pitching for Galveston Sand Crabs : LHP Randy Myers
|
|
Batting: RHB John Gibbons
|
0-0: Ball 1-0: Ball 2-0: Foul Ball, location: 2F 2-1: Ball 3-1: Foul Ball, location: 2F 3-2: Base on Balls
|
|
Batting: RHB Edgar Martinez
|
0-0: Ball 1-0: Called Strike 1-1: Swinging Strike 1-2: Strikes out swinging
|
|
Batting: RHB Gary Thurman
|
0-0: Called Strike 0-1: Foul Ball, location: 2F 0-2: Ball 1-2: Foul Ball, location: 2F 1-2: Ball 2-2: Ball 3-2: Foul Ball, location: 2F 3-2: Base on Balls John Gibbons to second
|
|
Batting: RHB Ron Gant
|
0-0: Ball 1-0: Called Strike 1-1: Foul Ball, location: 2F 1-2: Fielders Choice at 2nd, 6-4 (Groundball, 6S, EV 89.4 MPH) John Gibbons to third
|
|
Batting: RHB Jacob Brumfield
|
0-0: Foul Ball, location: 2F 0-1: Foul Ball, location: 2F 0-2: Ball 1-2: Strikes out swinging
|
| Bottom of the 4th over - 0 runs, 0 hits, 0 errors, 2 left on base; Galveston 3 - Dunedin 0 |
| TOP OF THE 5TH |
|
Galveston Sand Crabs batting - Pitching for Dunedin Rangers : RHP Tex Pankratz
|
|
Batting: SHB Darryl Wilks
|
0-0: Ball 1-0: Swinging Strike 1-1: Ball 2-1: Called Strike 2-2: SINGLE (Line Drive, 34D, EV 110.6 MPH)
|
|
Batting: RHB Stephen Fleming
|
0-0: Ball 1-0: Ball 2-0: Swinging Strike 2-1: Grounds into double play, 4-6-3 (Groundball, 4, EV 81.3 MPH)
|
|
Batting: RHB Sergio Padilla
|
0-0: Called Strike 0-1: Ball 1-1: SINGLE (Popup, 34, EV 66.3 MPH)
|
|
Batting: RHB Willie Thomas
|
0-0: Ball 1-0: Ball 2-0: Ball 3-0: Called Strike 3-1: Fielders Choice at 2nd, 5-4 (Groundball, 56, EV 82.5 MPH)
|
| Top of the 5th over - 0 runs, 2 hits, 0 errors, 1 left on base; Galveston 3 - Dunedin 0 |
| BOTTOM OF THE 5TH |
|
Dunedin Rangers batting - Pitching for Galveston Sand Crabs : LHP Randy Myers
|
|
Batting: LHB Mike L Hart
|
0-0: Ball 1-0: Called Strike 1-1: Foul Ball, location: 2F 1-2: Ball 2-2: Ball 3-2: Base on Balls
|
|
Batting: LHB La Schelle Tarver
|
0-0: Ball Wild Pitch! Mike L Hart to second 1-0: Called Strike 1-1: Ball 2-1: Ball 3-1: Foul Ball, location: 2F 3-2: Foul Ball, location: 2F 3-2: Fly out, F9 (Line Drive, 9, EV 93.8 MPH)
|
|
Batting: RHB Glenn Wilson
|
0-0: Called Strike 0-1: SINGLE (Line Drive, 4M, EV 95.6 MPH) Mike L Hart to third Runner from 3rd tries for Home, SAFE, throw by CF to home
|
|
Batting: LHB Ty Van Burkleo
|
0-0: Grounds into double play, 6-4-3 (Groundball, 6, EV 102.5 MPH)
|
| Bottom of the 5th over - 1 run, 1 hit, 0 errors, 0 left on base; Galveston 3 - Dunedin 1 |
| TOP OF THE 6TH |
|
Galveston Sand Crabs batting - Pitching for Dunedin Rangers : RHP Tex Pankratz
|
|
Batting: LHB Dave Montanari
|
0-0: Fly out, F7 (Flyball, 78S, EV 94.4 MPH)
|
|
Batting: SHB Ricardo Rivera
|
0-0: Ball 1-0: Foul Ball, location: 2F 1-1: Ball 2-1: Ball 3-1: Foul Ball, location: 2F 3-2: Foul Ball, location: 2F 3-2: Fly out, F6 (Popup, 6D, EV 68.1 MPH)
|
|
Batting: RHB Erez Borowsky
|
0-0: Ball 1-0: Ball 2-0: Ground out 5-3 (Groundball, 56, EV 90.0 MPH)
|
| Top of the 6th over - 0 runs, 0 hits, 0 errors, 0 left on base; Galveston 3 - Dunedin 1 |
| BOTTOM OF THE 6TH |
|
Dunedin Rangers batting - Pitching for Galveston Sand Crabs : LHP Randy Myers
|
|
Batting: RHB John Gibbons
|
0-0: Called Strike 0-1: Ball 1-1: Ground out 6-3 (Groundball, 6, EV 80.6 MPH)
|
|
Batting: RHB Edgar Martinez
|
0-0: Ball 1-0: Ball 2-0: Called Strike 2-1: Foul Ball, location: 2F 2-2: Ball 3-2: Ground out 5-3 (Groundball, 56, EV 84.4 MPH)
|
|
Batting: RHB Gary Thurman
|
0-0: Called Strike 0-1: Foul Ball, location: 2F 0-2: Strikes out swinging
|
| Bottom of the 6th over - 0 runs, 0 hits, 0 errors, 0 left on base; Galveston 3 - Dunedin 1 |
| TOP OF THE 7TH |
|
Galveston Sand Crabs batting - Pitching for Dunedin Rangers : RHP Tex Pankratz
|
|
Batting: RHB Wil Muela
|
0-0: Called Strike 0-1: Foul Ball, location: 2F 0-2: Strikes out swinging
|
|
Batting: LHB David Dyrek
|
0-0: Called Strike 0-1: Ball 1-1: Foul Ball, location: 2F 1-2: Ball 2-2: Foul Ball, location: 2F 2-2: Ball 3-2: Ground out 5-3 (Groundball, 56S, EV 80.0 MPH)
|
|
Batting: SHB Darryl Wilks
|
0-0: Fly out, F5 (Popup, 56S, EV 71.3 MPH)
|
| Top of the 7th over - 0 runs, 0 hits, 0 errors, 0 left on base; Galveston 3 - Dunedin 1 |
| BOTTOM OF THE 7TH |
|
Dunedin Rangers batting - Pitching for Galveston Sand Crabs : LHP Randy Myers
|
|
Batting: RHB Ron Gant
|
0-0: Called Strike 0-1: Foul Ball, location: 2F 0-2: Ball 1-2: Foul Ball, location: 2F 1-2: SINGLE (Groundball, 25, EV 63.8 MPH) (infield hit)
|
|
Batting: RHB Jacob Brumfield
|
0-0: Called Strike 0-1: Ball 1-1: Foul Ball, location: 2F 1-2: Strikes out swinging
|
|
Batting: LHB Mike L Hart
|
0-0: Fly out, F5 (Popup, 56S, EV 62.5 MPH)
|
|
Batting: LHB La Schelle Tarver
|
0-0: Ball 1-0: Ball 2-0: Foul Ball, location: 2F 2-1: SINGLE (Line Drive, 8LS, EV 111.3 MPH) Ron Gant to second
|
|
Batting: RHB Glenn Wilson
|
0-0: Called Strike 0-1: Fly out, F8 (Line Drive, 8LD, EV 92.5 MPH)
|
| Bottom of the 7th over - 0 runs, 2 hits, 0 errors, 2 left on base; Galveston 3 - Dunedin 1 |
| TOP OF THE 8TH |
|
Galveston Sand Crabs batting - Pitching for Dunedin Rangers : RHP Tex Pankratz
|
|
Batting: RHB Stephen Fleming
|
0-0: Ball 1-0: Foul Ball, location: 2F 1-1: Ball 2-1: Ball 3-1: Base on Balls
|
|
Pitching: RHP Luis Sanchez
|
|
|
Batting: RHB Sergio Padilla
|
0-0: Called Strike 0-1: Called Strike 0-2: Ball 1-2: Ball 2-2: Strikes out looking
|
|
Batting: RHB Willie Thomas
|
0-0: Foul Ball, location: 2F 0-1: Ball 1-1: Grounds into double play, 1-4-3 (Groundball, P, EV 73.1 MPH)
|
| Top of the 8th over - 0 runs, 0 hits, 0 errors, 0 left on base; Galveston 3 - Dunedin 1 |
| BOTTOM OF THE 8TH |
|
Dunedin Rangers batting - Pitching for Galveston Sand Crabs : LHP Randy Myers
|
|
Batting: LHB Ty Van Burkleo
|
0-0: Ball 1-0: Ball 2-0: Ball 3-0: Base on Balls
|
|
Batting: RHB John Gibbons
|
0-0: Called Strike 0-1: Ball 1-1: Fly out, F4 (Flyball, 34D, EV 90.6 MPH)
|
|
Batting: RHB Edgar Martinez
|
0-0: Called Strike 0-1: Foul Ball, location: 2F 0-2: Foul Ball, location: 2F 0-2: Ball 1-2: Foul Ball, location: 2F 1-2: SINGLE (Line Drive, 6MD, EV 103.1 MPH) Ty Van Burkleo to second Runner from 2nd tries for 3rd, SAFE, throw by CF made to third
|
|
Pinch Hitting: SHB Bryan Little
|
0-0: Ball 1-0: Swinging Strike 1-1: SINGLE (Line Drive, 9S, EV 103.8 MPH) Ty Van Burkleo scores Edgar Martinez to second
|
|
Pitching: RHP Xavier Tovar
|
|
|
Pinch Hitting: LHB David Thielker
|
0-0: Ball 1-0: Called Strike 1-1: SINGLE (Line Drive, 6MD, EV 95.6 MPH) Edgar Martinez to third Bryan Little to second
|
|
Batting: RHB Jacob Brumfield
|
0-0: Swinging Strike 0-1: Ball 1-1: Swinging Strike 1-2: Foul Ball, location: 2F 1-2: Ball 2-2: Ball 3-2: Strikes out swinging
|
|
Batting: LHB Mike L Hart
|
0-0: Ball 1-0: Ball 2-0: Ball 3-0: Called Strike 3-1: Ground out 6-3 (Groundball, 6S, EV 83.8 MPH)
|
| Bottom of the 8th over - 1 run, 3 hits, 0 errors, 3 left on base; Galveston 3 - Dunedin 2 |
| TOP OF THE 9TH |
|
Galveston Sand Crabs batting - Pitching for Dunedin Rangers : RHP Luis Sanchez
|
|
Now at SS: Bryan Little
|
|
|
Now in RF: David Thielker
|
|
|
Batting: LHB Dave Montanari
|
0-0: Swinging Strike 0-1: Foul Ball, location: 2F 0-2: Strikes out swinging
|
|
Batting: SHB Ricardo Rivera
|
0-0: Ball 1-0: Ball 2-0: Ball 3-0: Base on Balls
|
|
Batting: RHB Erez Borowsky
|
0-0: Called Strike 0-1: Ball 1-1: Ball 2-1: Ball Ricardo Rivera steals 2nd base 3-1: Called Strike 3-2: Fly out, F7 (Flyball, 78S, EV 94.4 MPH)
|
|
Batting: RHB Wil Muela
|
0-0: DOUBLE (Flyball, 3D, EV 96.9 MPH) Ricardo Rivera scores
|
|
Batting: LHB David Dyrek
|
0-0: Ball 1-0: Ball 2-0: Ball 3-0: Base on Balls
|
|
Batting: SHB Darryl Wilks
|
0-0: Ground out 3-1 (Groundball, 34S, EV 86.9 MPH)
|
| Top of the 9th over - 1 run, 1 hit, 0 errors, 2 left on base; Galveston 4 - Dunedin 2 |
| BOTTOM OF THE 9TH |
|
Dunedin Rangers batting - Pitching for Galveston Sand Crabs : RHP Xavier Tovar
|
|
Now at 1B: Roman Musselwhite
|
|
|
Batting: LHB La Schelle Tarver
|
0-0: Ball 1-0: Called Strike 1-1: Ball 2-1: Foul Ball, location: 2F 2-2: Ball 3-2: Foul Ball, location: 2F 3-2: Foul Ball, location: 2F 3-2: Strikes out swinging
|
|
Batting: RHB Glenn Wilson
|
0-0: Ball 1-0: Foul Ball, location: 2F 1-1: Called Strike 1-2: Ball 2-2: Ground out 6-3 (Groundball, 6MD, EV 101.3 MPH)
|
|
Batting: LHB Ty Van Burkleo
|
0-0: Ball 1-0: Foul Ball, location: 2F 1-1: Ball 2-1: Ball 3-1: SOLO HOME RUN (Flyball, 89XD, EV 86.3 MPH), Distance : 419 ft
|
|
Batting: RHB John Gibbons
|
0-0: Ball 1-0: Ball 2-0: Ball 3-0: Called Strike 3-1: Swinging Strike 3-2: Foul Ball, location: 2F 3-2: Ground out 4-3 (Groundball, 4S, EV 89.4 MPH)
|
| Bottom of the 9th over - 1 run, 1 hit, 0 errors, 0 left on base; Galveston 4 - Dunedin 3 |
|